 Dungeon Crawl Stone Soup version 0.25-a0-1024-gbfbf38f2cb (webtiles) character file.

Game seed: 14839965168931991243, levelgen mode: deterministic

31 Flugslaktarn the Skirmisher (level 3, -1/40 HPs)
             Began as an Ogre Fighter on May 12, 2020.
             Slain by a worm (10 damage)
             ... on level 2 of the Dungeon.
             The game lasted 00:00:33 (1647 turns).

Flugslaktarn the Skirmisher (Ogre Fighter)          Turns: 1647, Time: 00:00:33

Health: -1/40      AC:  3    Str: 20    XL:     3   Next: 22%
Magic:  3/3        EV:  8    Int:  9    God:
Gold:   57         SH:  8    Dex:  9    Spells: 2/2 levels left

rFire    . . .     SeeInvis .   a - +0 war axe
rCold    . . .     Gourm    .   c - +0 kite shield
rNeg     . . .     Faith    .   b - +0 robe
rPois    .         Spirit   .   (helmet restricted)
rElec    .         Reflect  .   (no cloak)
rCorr    .         Harm     .   (gloves unavailable)
MR       .....                  (boots unavailable)
Stlth    +.........             j - amulet of inaccuracy (curse)
HPRegen  0.13/turn              (no ring)
MPRegen  0.08/turn              (no ring)

@: no status effects
A: large, unfitting armour, tough skin 1
a: no special abilities


You were on level 2 of the Dungeon.
You were not hungry.

You visited 1 branch of the dungeon, and saw 2 of its levels.

You collected 57 gold pieces.

Inventory:

Hand Weapons
 a - a +0 war axe (weapon)
Armour
 b - a +0 robe (worn)
 c - a +0 kite shield (worn)
Jewellery
 j - a cursed amulet of inaccuracy (around neck)
   (You found it on level 1 of the Dungeon)
Potions
 d - a potion of might
 f - a potion of berserk rage {unknown}
 h - 2 potions of invisibility
 i - a potion of ambrosia {unknown}
Comestibles
 e - 5 rations


   Skills:
 + Level 4.3 Fighting
 * Level 2.7 Axes
 + Level 3.0 Dodging
 + Level 2.9 Shields


You had 2 spell levels left.
You didn't know any spells.
Your spell library was empty.

Dungeon Overview and Level Annotations

Branches:
Dungeon (2/15)

Altars:


Innate Abilities, Weirdness & Mutations

You are too large for most types of armour.
You have tough skin. (AC +1)


Message History

The worm is moderately wounded.
You closely miss the hobgoblin.
The hobgoblin hits you with a cursed -3 club.
The worm bites you!
* * * LOW HITPOINT WARNING * * *
You block the hobgoblin's attack.
You are too injured to fight recklessly!
You are too injured to fight recklessly!
You are too injured to fight recklessly!
You are too injured to fight recklessly!
You are too injured to fight recklessly!
Unknown command.
The worm bites you.
* * * LOW HITPOINT WARNING * * *
You slash the worm!
The worm is heavily wounded.
You slash the worm!
The worm is almost dead.
The worm bites you!
You die...

# #.# #.# ####.#### # #
#.......# .# ## #.#####.#
###.### .## #.# #.# #.....#
..## #.# #.# #.#...#
...###.# #.######.....###
...'...#####....@wg........
...###.......######.....##
..###.......## #.†#..# .##
#.##.##.# #.....# ##
#....##.# ##.### #
#..####.# .# #..# #.# ..
#..####.# .. #####.......#
..#


You could see a worm and a hobgoblin.

Vanquished Creatures
  A leopard gecko (D:1)
  A bat (D:1)
  A giant cockroach (D:1)
  4 goblins (D:1)
  6 hobgoblins (D:1)
  2 jackals (D:1)
  A ball python (D:2)
  2 frilled lizards (D:1)
  5 kobolds (D:1)
  4 rats
27 creatures vanquished.

Notes
Turn   | Place    | Note
-------+----------+-------------------------------------------
     0 | D:1      | Flugslaktarn the Ogre Fighter began the quest for the Orb.
     0 | D:1      | Reached XP level 1. HP: 24/24 MP: 1/1
   376 | D:1      | Reached XP level 2. HP: 24/32 MP: 2/2
  1125 | D:1      | Reached XP level 3. HP: 40/40 MP: 3/3
  1647 | D:2      | Slain by a worm

Illustrated notes

Levels and vault maps discovered:
D:1:      dpeg_arrival_tiny_f, layout_loops_ring, minmay_vboxes
D:2:      layout_loops_corners, uniq_sigmund, uniq_crazy_yiuf_cottage

Skill      XL: |  1  2  3 |
---------------+----------+-----
Dodging        | 3 |  3.0
Fighting       | |  4.3
Axes           | |  2.7
Shields        | |  2.9

Action                   || total
-------------------------++-------
Melee: War axe           ||    99
  Use: Scroll            ||     3
  Eat: Chunk             ||     2
Armor: Robe              ||    31
Dodge: Dodged            ||    40
Block: Kite shield       ||    49

Table legend:
 A = Non-vault XP
 B = Vault XP
 C = Vault XP percentage of total XP
 D = Non-vault monster count
 E = Vault monster count
 F = Vault count percentage of total count
                 A         B        C        D         E       F
            +---------+---------+-------+---------+---------+-------
      Total |      33 |      12 |  26.7 |      20 |       7 |  25.9
            +---------+---------+-------+---------+---------+-------
        D:1 |      31 |      12 |  27.9 |      18 |       7 |  28.0
        D:2 |       2 |       0 |   0.0 |       2 |       0 |   0.0
            +---------+---------+-------+---------+---------+-------
